 Dungeon Sprint DCSS version 0.23-a0-180-ga5275e7 (webtiles) character file.

22182 Fang the Severer (level 12, -2/124 HPs)
             Began as a Gargoyle Berserker on Sept 18, 2018.
             Was the Champion of Trog.
             Slain by a freezing wraith (4 damage)
             ... in the Dungeon (Sprint V: "Ziggurat Sprint").
             The game lasted 00:15:26 (1900 turns).

Fang the Severer (Gargoyle Berserker)               Turns: 1900, Time: 00:15:27

Health: -2/124     AC: 30    Str: 42    XL:     12   Next: 97%
Magic:  12/12      EV: 15    Int: 12    God:    Trog [******]
Gold:   0          SH:  0    Dex: 13    Spells: 11/11 levels left

rFire    + + +     SeeInvis .   Y - +5 battleaxe (flame)
rCold    + . .     Gourm    +   (shield currently unavailable)
rNeg     + . .     Faith    .   I - +7 Kryia's mail coat {PotionHeal*2 rC+}
rPois    ∞         Spirit   .   A - +2 helmet {Int+3}
rElec    +         Reflect  .   (no cloak)
rCorr    .         Harm     .   (no gloves)
MR       .....     NoTele   +   j - +0 pair of boots {Stlth+}
Stlth    ..........             X - amulet of Xom's Fair Game {Gourm rF+++ MR- Dex+4}
HPRegen  0.30/turn              D - +6 ring of strength
MPRegen  0.13/turn              E - +6 ring of strength

@: berserking, very quick
A: blurry vision 1, frail 1, negative energy resistance 1, electricity
resistance, unbreathing, petrification resistance, rot immunity, AC +8
a: Berserk, Trog's Hand, Brothers in Arms, Renounce Religion


You were in the Dungeon.
You worshipped Trog.
Trog was exalted by your worship.
You were not hungry.

You visited 1 branch

Inventory:

Hand Weapons
 k - a +5 executioner's axe
 H - the +7 hand axe "Qahued" {drain, Str+9 Dex-3 Stlth+}
   (You took it off an orc priest in the Dungeon)

   A truly terrible weapon, it drains the life of those it strikes.
   It affects your strength (+9).
   It affects your dexterity (-3).
   It makes you more stealthy.
 L - a +3 battleaxe of freezing
 N - the +5 battleaxe "Ifutt" {vamp, rC+ Int+4, unknown}
   (You acquired it in the Dungeon)

   It inflicts no extra harm, but heals its wielder when it wounds a living foe.
   It affects your intelligence (+4).
   It protects you from cold.
 R - a +3 antimagic war axe
 U - a +2 battleaxe of draining
 V - a +5 hand axe of venom
 Y - a +5 battleaxe of flaming (weapon)
Armour
 a - the +7 plate armour "Paar" {MR+ Str+4 Stlth+}
   (You found it in the Dungeon)

   It affects your strength (+4).
   It affects your resistance to hostile enchantments.
   It makes you more stealthy.
 b - the +4 plate armour of Cheibriados's Anger {rF+ rC++ Dex-2 SInv}
   (You found it in the Dungeon)

   It affects your dexterity (-2).
   It protects you from fire.
   It greatly protects you from cold.
   It lets you see invisible.
 j - a +0 pair of boots of stealth (worn)
 A - a +2 helmet of intelligence (worn)
 I - the +7 Kryia's mail coat (worn) {PotionHeal*2 rC+}
   (You took it off an orc priest in the Dungeon)

   It protects you from cold.
Jewellery
 z - the ring of Ocwimil {Ice rPois Int+4}
   (You found it in the Dungeon)

   [ring of ice]

   It enhances your ice magic.
   It affects your intelligence (+4).
   It makes you vulnerable to fire.
   It protects you from cold.
   It protects you from poison.
 B - the amulet of the Air {Inacc +Fly rElec EV+5 RMsl}
   (You found it in the Dungeon)

   [amulet of inaccuracy]

   It reduces the accuracy of all your attacks.
   It affects your evasion (+5).
   It insulates you from electricity.
   It lets you fly.
   It protects you from missiles.
 D - a +6 ring of strength (left hand)
 E - a +6 ring of strength (right hand)
 O - the ring "Paism" {rElec rF+ MP-9 Int+4}
   (You took it off a vault guard in the Dungeon)

   [ring of protection from fire]

   It affects your intelligence (+4).
   It protects you from fire.
   It insulates you from electricity.
   It affects your magic capacity (-9).
 W - the ring "Xateygec" {rCorr Str+3}
   (You found it in the Dungeon)

   [ring of resist corrosion]

   It affects your strength (+3).
 X - the amulet of Xom's Fair Game (around neck) {Gourm rF+++ MR- Dex+4}
   (You found it in the Dungeon)

   [amulet of the gourmand]

   It allows you to eat raw meat even when not hungry.
   It affects your dexterity (+4).
   It renders you almost immune to fire.
   It affects your resistance to hostile enchantments.
Wands
 w - a wand of disintegration (7)
 x - a wand of iceblast (7)
 y - a wand of acid (7)
Scrolls
 i - 4 scrolls of blinking
 l - 7 scrolls of fog
 m - a scroll of holy word
 n - 5 scrolls of identify
 o - 5 scrolls of remove curse
 p - 2 scrolls of fear
 J - 4 scrolls of enchant armour
Potions
 d - 10 potions of curing
 e - 10 potions of heal wounds
 f - 6 potions of haste
 g - 7 potions of magic
 h - 3 potions of berserk rage
 q - 2 potions of brilliance
 r - 2 potions of invisibility
 s - 4 potions of resistance
 t - a potion of experience
 u - 5 potions of agility
 v - 5 potions of might
Miscellaneous
 G - a phial of floods
 Z - 2 sacks of spiders
Comestibles
 c - 5 rations


   Skills:
 + Level 18.6 Fighting
 + Level 20.3 Axes
 + Level 13.1 Armour
 + Level 7.1 Dodging
 + Level 5.2 Stealth


You had 11 spell levels left.
You didn't know any spells.
Your spell library was empty.

Dungeon Overview and Level Annotations

Branches:
Dungeon (1/1)

Altars:
Ashenzari
Cheibriados
Dithmenos
Elyvilon
Fedhas
Gozag
Hepliaklqana
Kikubaaqudgha
Makhleb
Nemelex Xobeh
Okawaru
Qazlal
Ru
Sif Muna
Trog
Uskayaw
Vehumet
Wu Jian
Xom
Yredelemnul
Zin
The Shining One
Beogh
Jiyva
Lugonu


Innate Abilities, Weirdness & Mutations

You are resistant to torment.
Your stone body is resilient. (AC +8)
You are immune to poison.
You resist negative energy. (rN+)
You are resistant to electric shocks. (rElec)
You can survive without breathing.
You are immune to petrification.
You are immune to rotting.
Scrolls take you a little longer to read.
You are frail. (-10% HP)


Message History

Your cyclops barely misses the rime drake.
Your stone giant hits the ice beast!!!
The ice beast dies!
Trog accepts your kill.
You barely miss the freezing wraith. You closely miss the blizzard demon.
The blizzard demon waves its arms in wide circles.
The air twists around and strikes you!
* * * LOW HITPOINT WARNING * * *
The rime drake bites your cyclops but does no damage.
Your cyclops closely misses the rime drake.
Your stone giant hits the blizzard demon!!!
You hit the freezing wraith. You burn the freezing wraith.
The freezing wraith is lightly damaged.
You slice the blizzard demon!! You burn the blizzard demon.
You kill the blizzard demon!
Trog accepts your kill. The freezing wraith hits you.
* * * LOW HITPOINT WARNING * * *
The freezing wraith freezes you. You resist.
You die...

▓...†....▓
▓..:::=:)=..▓.▓....▓.▓
▓...|:|:|:..▓...©....▓
▓...........▓▓▓▓▓▓▓▓▓▓
▓...........▓...8©8...
▓...........▓.........
..k.2......▓....}[...
▓CW...▓ ▓.........
▓▓@)C▓▓ ▓.........
▓..▓.....▓..▓.........
▓.....©.....▓.........
▓▓▓▓▓▓▓▓▓▓▓▓▓.▓..|..▓.
▓....8©8....▓....©....
▓..[))".)}..▓▓▓▓▓▓▓▓▓▓
▓....)[:....▓...8©8...
▓...........▓..)[):)..
▓...........▓...||....


You could see a blizzard demon, a freezing wraith, a rime drake, a friendly
stone giant (berserk) and a friendly cyclops (berserk).

Vanquished Creatures
  A ghost moth (D)
  A very ugly thing (D)
  2 blizzard demons (D)
  A great orb of eyes (shapeshifter) (D)
  An ice dragon (D)
  8 vault guards (D)
  A spriggan druid (D)
  A mana viper (shapeshifter) (D)
  4 ugly things (D)
  2 wolf spiders (D)
  A wolf spider (shapeshifter) (D)
  A shining eye (D)
  A naga mage (D)
  A spiny frog (shapeshifter) (D)
  2 yaktaurs (D)
  2 jumping spiders (D)
  A demonic crawler (D)
  5 hornets (D)
  A slime creature (D)
  3 polar bears (D)
  A hippogriff (shapeshifter) (D)
  2 spriggans (D)
  A redback (D)
  2 tarantellas (D)
  A yak (shapeshifter) (D)
  A yak (D)
  A golden eye (D)
  2 water moccasins (D)
  A floating eye (D)
  4 hell hounds (D)
  5 black bears (D)
  2 swamp drakes (D)
  A porcupine (D)
  An orc warrior (D)
  2 ice beasts (D)
  3 wolves (D)
  3 eyes of draining (D)
  A bullfrog (D)
  A quasit (D)
  5 jellies (D)
  An iron imp (D)
  3 orc priests (D)
  3 adders (D)
  A river rat (D)
  A white imp (D)
  An ooze (D)
  2 adder simulacra (D)
  2 orcs (D)
  A bat skeleton (D)
  2 ball pythons (D)
97 creatures vanquished.

Vanquished Creatures (collateral kills)
  A blizzard demon (D)
  An ice beast (D)
2 creatures vanquished.

Vanquished Creatures (others)
  A bat simulacrum (D)
1 creature vanquished.

Grand Total: 100 creatures vanquished

Notes
Turn   | Place    | Note
-------+----------+-------------------------------------------
     0 | D        | Found the +6 Majin-Bo {vamp, Archmagi MP+6 Int+6}
     0 | D        | Found the +7 great mace "Firestarter" {inner flame, rF++}
     0 | D        | Fang the Gargoyle Berserker began the quest for the Orb.
     0 | D        | Reached XP level 1. HP: 14/14 MP: 1/1
     3 | D        | Found a blossoming altar of Fedhas.
     4 | D        | Found a viscous altar of Jiyva.
     4 | D        | Found a hazy altar of Hepliaklqana.
     4 | D        | Found a transporter.
     4 | D        | Found an opulent altar of Gozag.
     4 | D        | Found an ancient bone altar of Kikubaaqudgha.
     4 | D        | Found a corrupted altar of Lugonu.
     8 | D        | Found a burning altar of Makhleb.
     9 | D        | Found a sacrificial altar of Ru.
     9 | D        | Found a stormy altar of Qazlal.
     9 | D        | Found a deep blue altar of Sif Muna.
     9 | D        | Found an iron altar of Okawaru.
     9 | D        | Found a bloodstained altar of Trog.
     9 | D        | Found a sparkling altar of Nemelex Xobeh.
    70 | D        | Entered arena 2.
    70 | D        | Noticed a swamp drake
    70 | D        | Noticed a swamp drake
    70 | D        | Found a transporter.
    73 | D        | Killed a swamp drake
    73 | D        | Reached skill level 5 in Axes
    73 | D        | Reached XP level 2. HP: 23/23 MP: 2/2
    73 | D        | Reached XP level 3. HP: 28/28 MP: 3/3
    73 | D        | Reached XP level 4. HP: 32/32 MP: 4/4
    76 | D        | Killed a swamp drake
    76 | D        | Reached skill level 7 in Axes
    76 | D        | Reached XP level 5. HP: 39/39 MP: 5/5
    81 | D        | Got the +7 plate armour "Paar" {MR+ Str+4 Stlth+}
   140 | D        | Entered arena 3.
   140 | D        | Found a transporter.
   143 | D        | Reached ** piety under Trog
   144 | D        | Reached skill level 5 in Armour
   144 | D        | Reached XP level 6. HP: 39/44 MP: 6/6
   148 | D        | Got the +4 plate armour of Cheibriados's Anger {rF+ rC++
                  | Dex-2 SInv}
   175 | D        | Entered arena 4.
   175 | D        | Noticed a polar bear
   175 | D        | Noticed a polar bear
   175 | D        | Noticed an ice beast
   175 | D        | Found a transporter.
   179 | D        | Reached skill level 8 in Axes
   180 | D        | Killed an ice beast
   180 | D        | Reached *** piety under Trog
   183 | D        | Killed a polar bear
   183 | D        | Reached skill level 10 in Fighting
   183 | D        | Reached skill level 10 in Axes
   183 | D        | Reached XP level 7. HP: 52/52 MP: 7/7
   185 | D        | Killed a polar bear
   227 | D        | Entered arena 5.
   227 | D        | Noticed a yak
   227 | D        | Found a transporter.
   230 | D        | Reached **** piety under Trog
   230 | D        | Reached skill level 11 in Axes
   230 | D        | Reached XP level 8. HP: 59/59 MP: 8/8
   232 | D        | Killed a yak
   368 | D        | Entered arena 6.
   368 | D        | Found a transporter.
   369 | D        | Found the amulet of the Air {Inacc +Fly rElec EV+5 RMsl}
   372 | D        | Reached skill level 12 in Axes
   373 | D        | Reached ***** piety under Trog
   409 | D        | Entered arena 7.
   409 | D        | Noticed a spriggan
   409 | D        | Noticed a spriggan druid
   409 | D        | Noticed a spriggan
   411 | D        | Found a transporter.
   414 | D        | Killed a spriggan
   414 | D        | Reached skill level 13 in Axes
   414 | D        | Reached XP level 9. HP: 65/65 MP: 9/9
   415 | D        | Received a gift from Trog
   417 | D        | Received a gift from Trog
   432 | D        | Killed a spriggan druid
   432 | D        | Reached skill level 14 in Axes
   458 | D        | Got the ring of the Unstoppable Mice {rPois Str-4 Int+4
                  | Slay-5 SInv}
   620 | D        | Entered arena 8.
   620 | D        | Noticed a jumping spider
   620 | D        | Noticed a wolf spider
   623 | D        | Reached ****** piety under Trog
   623 | D        | Received a gift from Trog
   628 | D        | Killed a wolf spider
   628 | D        | Reached skill level 15 in Axes
   631 | D        | Found a transporter.
   635 | D        | Killed a jumping spider
   635 | D        | Reached XP level 10. HP: 67/73 MP: 10/10
   637 | D        | Got the +7 hand axe "Qahued" {drain, Str+9 Dex-3 Stlth+}
   760 | D        | Entered arena 9.
   765 | D        | Received a gift from Trog
   785 | D        | Found a transporter.
   924 | D        | Entered arena 10.
   924 | D        | Noticed a naga mage
   928 | D        | Found a transporter.
   931 | D        | Reached skill level 1 in Stealth
   934 | D        | Received a gift from Trog
   940 | D        | Killed a naga mage
   940 | D        | Reached skill level 16 in Axes
  1096 | D        | Entered arena 11.
  1097 | D        | Found the +2 robe of Vines {NoPotionHeal Regen+7}
  1101 | D        | Paralysed by a floating eye for 3 turns
  1111 | D        | Received a gift from Trog
  1111 | D        | Reached skill level 5 in Dodging
  1151 | D        | Found a transporter.
  1235 | D        | Got the ring of Ocwimil {Ice rPois Int+4}
  1249 | D        | Got a smoking battleaxe
  1354 | D        | Entered arena 12.
  1354 | D        | Noticed a vault guard
  1354 | D        | Noticed a vault guard
  1354 | D        | Noticed a vault guard
  1354 | D        | Noticed a vault guard
  1354 | D        | Noticed a vault guard
  1355 | D        | Noticed a vault guard
  1355 | D        | Noticed a vault guard
  1356 | D        | Noticed a vault guard
  1357 | D        | Found a transporter.
  1362 | D        | Killed a vault guard
  1362 | D        | Reached skill level 10 in Armour
  1366 | D        | Killed a vault guard
  1366 | D        | Reached XP level 11. HP: 79/80 MP: 11/11
  1367 | D        | Killed a vault guard
  1367 | D        | Received a gift from Trog
  1367 | D        | Reached skill level 17 in Axes
  1373 | D        | Reached skill level 15 in Fighting
  1373 | D        | Killed a vault guard
  1375 | D        | Killed a vault guard
  1377 | D        | Killed a vault guard
  1377 | D        | Reached skill level 18 in Axes
  1381 | D        | Killed a vault guard
  1383 | D        | Killed a vault guard
  1385 | D        | Got the ring "Paism" {rElec rF+ MP-9 Int+4}
  1396 | D        | Got the +0 hat "Kemutaus" {rN+}
  1551 | D        | Got the amulet "Bovar" {Inacc +Inv Dex+4}
  1599 | D        | Entered arena 13.
  1599 | D        | Noticed a wolf spider
  1602 | D        | Found a transporter.
  1607 | D        | Killed a wolf spider
  1608 | D        | Received a gift from Trog
  1613 | D        | Reached XP level 12. HP: 90/90 MP: 0/12
  1616 | D        | Killed a ghost moth
  1629 | D        | Received a gift from Trog
  1629 | D        | Reached skill level 19 in Axes
  1653 | D        | Got the ring "Xateygec" {rCorr Str+3}
  1658 | D        | Got the amulet of Xom's Fair Game {Gourm rF+++ MR- Dex+4}
  1709 | D        | Entered arena 14.
  1710 | D        | Noticed a red very ugly thing
  1712 | D        | Noticed a great orb of eyes
  1712 | D        | a wolf spider changed into a great orb of eyes
  1713 | D        | Found a transporter.
  1718 | D        | Killed a great orb of eyes
  1719 | D        | Gained mutation: You are frail. (-10% HP) [a shining eye]
  1728 | D        | Reached skill level 5 in Stealth
  1729 | D        | Gained mutation: Scrolls take you a little longer to read.
                  | [a shining eye]
  1731 | D        | Killed a red very ugly thing
  1731 | D        | Received a gift from Trog
  1885 | D        | Entered arena 15.
  1886 | D        | Noticed a blizzard demon
  1886 | D        | Noticed a blizzard demon
  1886 | D        | Noticed an ice dragon
  1887 | D        | Noticed a blizzard demon
  1887 | D        | Noticed a blizzard demon
  1893 | D        | Killed a blizzard demon
  1893 | D        | Received a gift from Trog
  1893 | D        | Reached skill level 20 in Axes
  1893 | D        | Received a gift from Trog
  1897 | D        | Killed an ice dragon
  1897 | D        | Killed a blizzard demon
  1899 | D        | HP: 2/124 [blizzard demon/the air (13)]
  1900 | D        | Killed a blizzard demon
  1900 | D        | Slain by a freezing wraith

Vault maps used:
D:        sprint_v

Skill      XL: |  1  2  3  4  5  6  7  8  9 10 11 12 |
---------------+-------------------------------------+-----
Fighting       | 6 8 10 11 13 14 16 18 | 18.6
Axes           | 5 7 10 11 13 15 16 18 20 | 20.3
Armour         | 4 5 6 7 8 10 11 13 | 13.1
Dodging        | 2 3 4 5 6 7 |  7.1
Stealth        | 2 4 5 |  5.2

Action                   |  1- 3 |  4- 6 |  7- 9 | 10-12 || total
-------------------------+-------+-------+-------+-------++-------
Melee: Executioner's axe |     2 |    11 |    47 |       ||    60
       Hand axe          |       |       |       |   103 ||   103
       Broad axe         |       |       |       |    25 ||    25
       War axe           |       |       |       |    17 ||    17
       Battleaxe         |       |       |       |     9 ||     9
Invok: Berserk           |     1 |     1 |     3 |     5 ||    10
       Brothers in Arms  |       |       |       |     2 ||     2
  Use: Scroll            |       |       |       |     2 ||     2
  Eat: Chunk             |       |       |     3 |     3 ||     6
       Ration            |       |       |       |     2 ||     2
Armor: Shadow dragon sca |       |     1 |       |       ||     1
       Plate armour      |       |    18 |    70 |       ||    88
       Scale mail        |       |       |       |    80 ||    80
Dodge: Dodged            |       |    13 |    52 |   122 ||   187
       Deflected         |       |       |       |     3 ||     3

Table legend:
 A = Non-vault XP
 B = Vault XP
 C = Vault XP percentage of total XP
 D = Non-vault monster count
 E = Vault monster count
 F = Vault count percentage of total count
                 A         B        C        D         E       F
            +---------+---------+-------+---------+---------+-------
      Total |       0 |   31689 | 100.0 |       0 |      99 | 100.0
            +---------+---------+-------+---------+---------+-------
          D |       0 |   31689 | 100.0 |       0 |      99 | 100.0
            +---------+---------+-------+---------+---------+-------
